 Dungeon Crawl Stone Soup version 0.31-a0-569-g7ea453304b (webtiles) character file.

Game seed: 17996214522058317873

66 Ethylacetat the Ducker (level 4, -2/25 (30) HPs)
             Began as an Octopode Gladiator on Aug 18, 2023.
             Slain by Terence
             ... wielding a +4 short sword of draining
              (9 damage)
             ... on level 3 of the Dungeon.
             The game lasted 00:01:40 (1485 turns).

Ethylacetat the Ducker (Octopode Gladiator)         Turns: 1485, Time: 00:01:40

HP:   -2/25 (30)    AC:  1    Str: 13    XL:     4   Next: 15%
MP:   4/4           EV: 14    Int: 10    God:
Gold: 114           SH:  0    Dex: 15    Spells: 3/3 levels left

rFire   . .          .
                       - Unarmed
rCold   + . .        (no shield)
rNeg    . . .        a - +0 hat
rPois   +            (no amulet)
rElec   .            h - ring of poison resistance
rCorr   .            k - ring of protection from cold
SInv    .            (no ring)
Will    .....        (no ring)
Stlth   ++           (no ring)
HPRegen 0.24/turn    (no ring)
MPRegen 0.09/turn    (no ring)
                     (no ring)

%: no passive effects
@: heavily drained
A: almost no armour, amphibious, 8 rings, camouflage 1, gelatinous body 1,
(nimble swimmer 1), tentacles
a: no special abilities


You were on level 3 of the Dungeon.
You visited 1 branch of the dungeon, and saw 3 of its levels.

You collected 114 gold pieces.

Inventory:

Missiles
 b - 3 throwing nets (quivered)
 c - a javelin
Armour
 a - a +0 hat (worn)
Jewellery
 h - a ring of poison resistance (left tentacle)
 k - a ring of protection from cold (right tentacle)
Scrolls
 e - a scroll of enchant armour {unknown}
 f - 2 scrolls of revelation {unknown}
 g - a scroll of noise {unknown}
 m - 2 scrolls of blinking {unknown}
 n - a scroll of teleportation {unknown}
 o - a scroll of identify {unknown}
Potions
 d - a potion of berserk rage {unknown}
 i - a potion of magic
 j - 2 potions of curing
 l - 2 potions of invisibility {unknown}


   Skills:
 + Level 2.6 Fighting
 - Level 2.2 Throwing
 + Level 3.5 Dodging
 + Level 3.4 Unarmed Combat
 * Level 1.2 Shapeshifting


You had 3 spell levels left.
You didn't know any spells.
Your spell library contained the following spells:

 Spells                   Type           Power      Damage    Failure   Level
 Sandblast                Erth           0%         2d4       36%         1
 Passwall                 Tmut/Erth      0%         N/A       50%         2
 Stone Arrow              Conj/Erth      0%         3d7       75%         3


Dungeon Overview and Level Annotations

Branches:
Dungeon (3/15)

Altars:

Annotations:
D:3 Terence


Innate Abilities, Weirdness & Mutations

You cannot wear most types of armour.
You are amphibious.
You can wear up to eight rings at the same time.
Your skin changes colour to match your surroundings (Stealth+).
Your rubbery body absorbs attacks. (AC +1, EV +1)
((You are camouflaged when in or above water. (Stealth+)))
You have tentacles for arms and can constrict up to eight enemies at once.


Message History

Done exploring.
No target in view!
Done exploring.
There is a stone staircase leading down here.
You climb downwards.
Found a scroll labelled XUABOFFUTHRUN.
There is a stone staircase leading up here.
No target in view!
o - a scroll labelled XUABOFFUTHRUN No target in view!
Terence the Incautious comes into view.
He is wielding a +4 short sword of draining.
Found a scroll labelled XUABOFFUTHRUN.
You see here 10 gold pieces.
Terence is nearby!
Terence is nearby!
Found a scroll labelled NUDDUSM HOWN.
The helpless Terence fails to defend himself.
You tentacle-slap Terence but do no damage.
Your grab misses Terence.
You tentacle-slap Terence but do no damage.
Your grab misses Terence.
Terence hits you with a +4 short sword of draining!
You feel drained.
You tentacle-slap Terence but do no damage.
Your grab misses Terence. You squeeze Terence!
Terence is heavily wounded.
Terence hits you with a +4 short sword of draining!
You feel drained.
* * * LOW HITPOINT WARNING * * *
You are too injured to fight recklessly!
It was a potion of curing.
You feel better.
Terence hits you with a +4 short sword of draining!
* * * LOW HITPOINT WARNING * * *
You feel drained.
* * * LOW HITPOINT WARNING * * *
It was a potion of magic.
Magic courses through your body. Terence closely misses you.
You feel better.
Terence hits you with a +4 short sword of draining!
You die...

..?..# ........
......#.#
......#.#.# #
........... ...
#.#......?#
#..###.#........
#...@@........#
#..###.#......#
#. #......##+
#..###.#$.#
.#..###.#..#
...........#
........##.####
...............
....###..#.####


You could see Terence.

Vanquished Creatures
  2 adders (D:2)
  4 bats
  4 endoplasms
  2 giant cockroaches (D:2)
  3 goblins (D:2)
  6 hobgoblins
  5 kobolds
  4 quokkas
  2 ball pythons
  3 frilled lizards
  10 rats
45 creatures vanquished.

Notes
Turn   | Place    | Note
-------+----------+-------------------------------------------
     0 | D:1      | Ethylacetat the Octopode Gladiator began the quest for the
                  | Orb.
     0 | D:1      | Reached XP level 1. HP: 14/14 MP: 1/1
   191 | D:1      | Reached XP level 2. HP: 19/19 MP: 2/2
   706 | D:2      | Reached XP level 3. HP: 25/25 MP: 3/3
   887 | D:2      | Reached skill level 1 in Shapeshifting
  1105 | D:2      | Reached XP level 4. HP: 30/30 MP: 4/4
  1476 | D:3      | Noticed Terence
  1483 | D:3      | HP: 1/25 [Terence/+4 short sword of draining (3)]
  1485 | D:3      | Slain by Terence

Illustrated notes

Levels and vault maps discovered:
D:1:      dpeg_arrival_rooms_b, layout_rooms, minmay_rat_gold_closets
D:2:      layout_loops_cross, serial_bayou_pond_e, nrook_mini_vaults
D:3:      layout_basic, mainiacjoe_overflow_chevrons,
          dreamdust_ecumenical_altar_grove, uniq_sigmund, uniq_robin,
          uniq_terence

Skill      XL: |  1  2  3 |
---------------+----------+-----
Shapeshifting  | 1 |  1.2
Fighting       | |  2.6
Throwing       | |  2.2
Dodging        | |  3.5
Unarmed Combat | |  3.4

Action                     |  1- 3 |  4- 6 || total
---------------------------+-------+-------++-------
  Melee: Unarmed           |    73 |    17 ||    90
         Tentacles         |    15 |     6 ||    21
         Constrict         |    19 |     7 ||    26
         Punch             |     1 |       ||     1
    Use: Potion            |       |     3 ||     3
   Stab: Sleeping          |     7 |     1 ||     8
 Armour: Skin              |     3 |     3 ||     6
  Dodge: Dodged            |    36 |    10 ||    46

Table legend: (Time is in decaauts)
 A = Elapsed time spent in this place.
 B = Non-inter-level travel time spent in this place.
 C = Inter-level travel time spent in this place.
 D = Time resting spent in this place.
 E = Time spent auto-exploring this place.
 F = Levels seen in this place.
 G = Mean time per level.
                   A        B        C        D        E       F      G
               +--------+--------+--------+--------+--------+-----+--------+
         Total |   1478 |   1390 |     88 |      0 |   1110 |   3 |  492.7 |
       Dungeon |   1478 |   1390 |     88 |      0 |   1110 |   3 |  492.7 |
               +--------+--------+--------+--------+--------+-----+--------+

Top non-repeatable levels by time:
     D:2: 767 daAuts
     D:1: 693 daAuts
     D:3: 16 daAuts
